 Dungeon Crawl Stone Soup version 0.31.0-9-g3a7656b989 (webtiles) character file.

Game seed: 1557331351038211897

73 monsoonserge the Vexing (level 4, 0/32 HPs)
             Began as a Formicid Hexslinger on Jan 24, 2024.
             Slain by a gnoll
             ... wielding a +0 halberd
              (8 damage)
             ... on level 2 of the Dungeon.
             The game lasted 00:04:35 (1031 turns).

monsoonserge the Vexing (Formicid Hexslinger)       Turns: 1031, Time: 00:04:36

Health: 0/32       AC:  2    Str: 12    XL:     4   Next: 51%
Magic:  4/6        EV: 12    Int: 13    God:
Gold:   106        SH:  5    Dex: 18    Spells: 3/5 levels left

rFire   . . .        i - +0 shortbow
rCold   . . .        (no shield)
rNeg    . . .        c - +0 robe
rPois   .            (helmet unavailable)
rElec   .            (no cloak)
rCorr   .            (no gloves)
SInv    +            (no boots)
Will    .....        k - amulet of reflection
Stlth   ++           (no ring)
HPRegen 0.25/turn    (no ring)
MPRegen 0.10/turn

%: reflection
@: weak-willed
A: permanent stasis, dig shafts and tunnels, antennae 3, four strong arms
a: Dig, Shaft Self


You were on level 2 of the Dungeon.
You visited 1 branch of the dungeon, and saw 2 of its levels.

You collected 106 gold pieces.

Inventory:

Hand Weapons
 i - a +0 shortbow (weapon)
Missiles
 e - 17 javelins
 h - 3 poisoned darts
Armour
 c - a +0 robe (worn)
Jewellery
 k - an amulet of reflection (around neck)
Scrolls
 b - a scroll of poison
 d - a scroll of fog {unknown}
 j - a scroll of noise {unknown}
 l - a scroll of identify {unknown}
 m - a scroll of amnesia {unknown}
Potions
 a - a potion of brilliance {unknown}
 f - 2 potions of curing {unknown}
 g - a potion of mutation {unknown}


   Skills:
 + Level 1.4 Fighting
 * Level 3.7 Ranged Weapons
 + Level 2.0 Dodging
 + Level 0.1 Stealth
 + Level 1.3 Spellcasting
 + Level 4.1 Hexes
 - Level 1.0 Fire Magic


You had 3 spell levels left.
You knew the following spells:

 Your Spells              Type           Power      Damage    Failure   Level
a - Jinxbite              Hex            22%        N/A       8%          2

Your spell library contained the following spells:

 Spells                   Type           Power      Damage    Failure   Level
 Sigil of Binding         Hex            11%        N/A       16%         3
 Inner Flame              Hex/Fire       7%         N/A       28%         3
 Dazzling Flash           Conj/Hex       12%        N/A       34%         3
 Mephitic Cloud           Conj/Alch/Air  0%         N/A       63%         3
 Cause Fear               Hex            5%         N/A       45%         4
 Dimensional Bullseye     Hex/Tloc       3%         N/A       75%         4
 Silence                  Hex/Air        3%         N/A       97%         5
 Curse of Agony           Necr           0%         N/A       100%        5


Dungeon Overview and Level Annotations

Branches:
Dungeon (2/15)

Altars:
Trog


Innate Abilities, Weirdness & Mutations

You cannot be hasted, slowed, berserked, paralysed or teleported.
You can dig through walls and to a lower floor.
You have a pair of large antennae on your head. (SInv)
Your four strong arms can wield two-handed weapons with a shield.


Message History

Casting: Jinxbite (safe; 8% risk of failure)
Confirm with . or Enter, or press ? or * to list all spells.
You beckon some vexing sprites to accompany your attacks.
You feel your willpower being sapped.
The gnoll shouts!
A gnoll comes into view. It is wielding a +0 halberd.
The adder hisses angrily.
You hear a shout!
A goblin comes into view. It is wielding a +0 club.
You shoot an arrow. The goblin shouts!
The arrow hits the adder.
The adder is heavily wounded.
A giggling sprite leaps out and smacks the adder with its own tail.
You kill the adder!
You shoot an arrow. The arrow closely misses the gnoll.
A giggling sprite leaps out and bonks the gnoll with its +0 whip.
The gnoll is moderately wounded.
A gnoll comes into view. It is wielding a +0 halberd.
You shoot an arrow. The arrow hits the gnoll.
The gnoll is heavily wounded.
A giggling sprite leaps out and smacks the gnoll with its own hand.
The gnoll is severely wounded.
The jinxing sprites lose interest in you.
You shoot an arrow. The arrow hits the goblin.
The goblin is moderately wounded.
You shoot an arrow. The arrow hits the goblin.
You kill the goblin!
You shoot an arrow. The arrow completely misses the gnoll.
The arrow hits the gnoll.
You kill the gnoll!
The gnoll hits you from afar with a +0 halberd.
You shoot an arrow. The arrow closely misses the gnoll. x2
The gnoll hits you from afar with a +0 halberd.
The gnoll attacks as it pursues you!
The gnoll hits you from afar with a +0 halberd.
The gnoll hits you from afar with a +0 halberd!
* * * LOW HITPOINT WARNING * * *
The gnoll attacks as it pursues you!
The gnoll hits you from afar with a +0 halberd!
You die...

.....##.#.###..##.#
,....+.(.. #..##.#
,†..##.### #..##.#
######.......###..##.#
.......).....#....##.#
#g#.##.........######
#.#.................#
#.####^.............#
#g.g.@........<.....#
#######.............##
#.............+.
#......._.....#.
..............#.
...##.........#.
...########.†##. ..#
#....... #.......


You could see 2 gnolls.

Vanquished Creatures
  A gnoll (D:2)
  2 adders (D:2)
  A ribbon worm (D:2)
  4 bats (D:1)
  4 endoplasms
  2 giant cockroaches (D:1)
  8 goblins
  3 hobgoblins (D:1)
  6 jackals (D:1)
  A ball python (D:1)
  A frilled lizard (D:1)
  2 kobolds (D:1)
  2 rats (D:1)
37 creatures vanquished.

Notes
Turn   | Place    | Note
-------+----------+-------------------------------------------
     0 | D:1      | monsoonserge the Formicid Hexslinger began the quest for
                  | the Orb.
     0 | D:1      | Reached XP level 1. HP: 15/15 MP: 2/2
    62 | D:1      | Reached XP level 2. HP: 21/21 MP: 3/3
    89 | D:1      | Reached skill level 4 in Hexes
   194 | D:1      | Learned a level 2 spell: Jinxbite
   241 | D:1      | Reached XP level 3. HP: 22/26 MP: 4/4
   846 | D:2      | Found a bloodstained altar of Trog.
   864 | D:2      | Reached XP level 4. HP: 11/32 MP: 5/5
  1031 | D:2      | Slain by a gnoll

Illustrated notes

Levels and vault maps discovered:
D:1:      psy_arrival_conway, layout_rooms
D:2:      layout_basic, basic_altar, uniq_terence

Skill      XL: |  1  2  3 |
---------------+----------+-----
Hexes          | 4 |  4.1
Ranged Weapons | 3 |  3.7
Dodging        | 2 |  2.0
Fighting       | |  1.4
Stealth        | |  0.1
Spellcasting   | |  1.3
Fire Magic     | |  1.0

Action                     |  1- 3 |  4- 6 || total
---------------------------+-------+-------++-------
   Fire: Sling             |    67 |       ||    67
         Shortbow          |    40 |     9 ||    49
   Cast: Jinxbite          |     2 |     1 ||     3
Ability: Dig               |     2 |       ||     2
 Armour: Robe              |    41 |     5 ||    46
  Dodge: Dodged            |    49 |       ||    49
